 Dungeon Crawl Stone Soup version 0.24.1-4-ge52af88ad5 (webtiles) character file.

Game seed: 10442737099403092260, levelgen mode: deterministic

2149 Heliosone the Nimble (level 9, -8/59 HPs)
             Began as a Kobold Berserker on Apr 13, 2020.
             Was an Elder of Trog.
             Killed by divine providence
             ... invoked by an orc priest
              (10 damage)
             ... on level 7 of the Dungeon.
             The game lasted 00:19:24 (7683 turns).

Heliosone the Nimble (Kobold Berserker)             Turns: 7683, Time: 00:19:25

Health: -8/59      AC:  3    Str: 14    XL:     9   Next: 56%
Magic:  9/9        EV: 20    Int: 11    God:    Trog [****..]
Gold:   330        SH:  0    Dex: 15    Spells: 8/8 levels left

rFire    . . .     SeeInvis .   I - -2 rapier (curse)
rCold    + . .     Gourm    .   (shield restricted)
rNeg     . . .     Faith    .   b - +0 animal skin
rPois    .         Spirit   .   (no helmet)
rElec    .         Reflect  .   (no cloak)
rCorr    .         Harm     .   n - +0 pair of gloves
MR       .....                  (no boots)
Stlth    +++.......             (no amulet)
HPRegen  0.19/turn              r - ring of flight
MPRegen  0.11/turn              P - ring of protection from cold

@: lethally poisoned (-8 -> -9), berserk cooldown, slowed, lightly drained, very
slow
A: small, carnivore
a: Berserk, Trog's Hand, Brothers in Arms, Renounce Religion, Evoke Flight


You were on level 7 of the Dungeon.
You worshipped Trog.
Trog was greatly pleased with you.
You were full.

You visited 2 branches of the dungeon, and saw 8 of its levels.
You also visited: Sewer and Ossuary.

You collected 330 gold pieces.

Inventory:

Hand Weapons
 a - a +0 short sword
 g - a +1 dagger of freezing
 I - a cursed -2 rapier (weapon)
 N - a +4 dagger
Missiles
 k - 36 poisoned darts (quivered)
 m - 7 atropa-tipped darts
 s - 2 throwing nets
 w - 34 bolts
 K - 5 javelins
Armour
 b - a +0 animal skin (worn)
 n - a +0 pair of gloves (worn)
Jewellery
 r - a ring of flight (left hand)
 x - a -6 ring of protection
 E - an uncursed amulet of inaccuracy
 P - a ring of protection from cold (right hand)
Wands
 y - a wand of paralysis (6)
 G - a wand of acid (21)
 J - a wand of polymorph (7)
 L - a wand of flame (13)
Scrolls
 d - 3 scrolls of teleportation
 f - 3 scrolls of random uselessness
 h - a scroll of enchant armour {unknown}
 i - 3 scrolls of blinking
 j - 2 scrolls of fear
 v - a scroll of identify
 B - 2 scrolls of fog {unknown}
 H - 3 scrolls of enchant weapon
Potions
 e - 3 potions of agility
 l - 13 potions of curing {unknown}
 o - 3 potions of might {unknown}
 p - 2 potions of mutation
 q - 2 potions of degeneration {unknown}
 t - 4 potions of flight
 u - a potion of magic {unknown}
 z - 2 potions of ambrosia {unknown}
 A - a potion of resistance {unknown}
 C - a potion of haste {unknown}
 D - 2 potions of heal wounds {unknown}
 F - a potion of brilliance {unknown}
 M - a potion of lignification {unknown}
Comestibles
 c - 7 rations


   Skills:
 + Level 8.0(7.8) Fighting
 - Level 8.2(8.1) Short Blades
 - Level 1.5(1.4) Armour
 + Level 8.3(8.2) Dodging
 + Level 7.1(6.9) Stealth


You had 8 spell levels left.
You didn't know any spells.
Your spell library contained the following spells:

 Spells                   Type           Power        Failure   Level  Hunger
 Confusing Touch          Hex            #.....       34%         1    ##.....
 Magic Dart               Conj           #...         34%         1    ##.....
 Blink                    Tloc           N/A          47%         2    ###....
 Call Imp                 Summ           #.......     47%         2    ###....
 Slow                     Hex            #.......     47%         2    ###....
 Confuse                  Hex            #.......     71%         3    ####...
 Conjure Flame            Conj/Fire      #.......     71%         3    ####...
 Gell's Gravitas          Tloc           #.........   71%         3    ####...
 Ignite Poison            Fire/Tmut/Pois #.......     71%         3    ####...
 Mephitic Cloud           Conj/Pois/Air  #.......     71%         3    ####...
 Petrify                  Tmut/Erth      #.......     98%         4    #####..
 Fireball                 Conj/Fire      #.........   100%        5    ######.
 Metabolic Englaciation   Hex/Ice        #.........   100%        5    ######.
 Yara's Violent Unravell  Hex/Tmut       #.........   100%        5    ######.
 Bolt of Fire             Conj/Fire      #.........   100%        6    #######
 Ring of Flames           Chrm/Fire      #.........   100%        7    #######
 Ignition                 Fire           #.........   100%        8    #######


Dungeon Overview and Level Annotations

Branches:
Dungeon (7/15)             Temple (1/1) D:5           Sewer (visited)
Ossuary (visited)

Altars:
Ashenzari
Cheibriados
Dithmenos
Elyvilon
Fedhas
Gozag
Hepliaklqana
Kikubaaqudgha
Makhleb
Nemelex Xobeh
Okawaru
Qazlal
Ru
Sif Muna
Trog
Vehumet
Wu Jian
Xom
Zin
The Shining One
Beogh

Shops:
D:5 !

Annotations:
D:5 3 runed translucent doors, Ortigal's ghost, novice DsAK


Innate Abilities, Weirdness & Mutations

You are small and have problems with some larger weapons.
You are carnivorous and can eat meat at any time.


Message History

The orc warrior barely misses you. The orc hits you but does no damage.
The orc warrior barely misses you. The orc priest completely misses you.
The orc warrior hits you from afar with a +0 halberd.
The orc priest hits you with a +2 whip of venom.
You are poisoned.
The orc priest hits you but does no damage.
The orc warrior hits you from afar with a +0 halberd!!
* * * LOW HITPOINT WARNING * * *
You feel sick. The orc barely misses you.
You feel sick.
You fail to use your ability.
The orc hits you with a cursed -2 short sword.
* * * LOW HITPOINT WARNING * * *
The orc priest closely misses you.
The orc throws a boomerang.
The boomerang hits you.
* * * LOW HITPOINT WARNING * * *
The weapon returns to the orc!
The orc priest invokes the aid of Beogh against you.
Beogh smites you!
You die...

..#.#. ... ..... #.#
##... ...
###...####.#
#≈≈...≈≈##.#
##≈..♣..≈##<#
###......r..#.#####
#....♣._.♣........#
.#...o@....#.###.....
##≈.o♣..≈#.... ###
#≈≈.o.≈≈##.###
###..o###.... #[.#.#
...## #.##.#..... #)#
....... ..# ... .###
####


You could see an orc warrior, an orc priest, an orc and a neutral quokka
(wandering).

Vanquished Creatures
  Grinder (D:4)
  Eustachio (D:4)
  An ice beast (D:5)
  2 ogres (D:4)
  Blork the orc (D:5)
  An elf zombie (Ossuary)
  4 big kobolds (Sewer)
  A bullfrog (D:6)
  2 scorpions
  A howler monkey (D:4)
  5 wights (D:6)
  2 crimson imps (D:5)
  3 centaur zombies (Ossuary)
  An orc priest (D:7)
  A jelly (D:6)
  A hound (D:6)
  A bullfrog skeleton (D:6)
  3 worker ants
  3 orc wizards
  A hound skeleton (D:4)
  3 hound zombies
  2 mummies (Ossuary)
  5 adders
  3 shadow imps
  An ooze (Sewer)
  5 adder zombies (Ossuary)
  2 adder skeletons (D:4)
  A worm (D:2)
  2 dart slugs
  3 leopard geckos
  12 orcs
  3 ball pythons
  10 bats
  12 giant cockroaches
  2 gnoll zombies (Ossuary)
  9 goblins
  2 hobgoblins
  3 frilled lizards
  4 goblin zombies (Ossuary)
  3 hobgoblin zombies (Ossuary)
  2 jackal zombies (Ossuary)
  17 kobolds
  A kobold zombie (Ossuary)
  4 quokka zombies (Ossuary)
  12 rats
  3 rat zombies (Ossuary)
162 creatures vanquished.

Notes
Turn   | Place    | Note
-------+----------+-------------------------------------------
     0 | D:1      | Heliosone the Kobold Berserker began the quest for the Orb.
     0 | D:1      | Reached XP level 1. HP: 14/14 MP: 1/1
    22 | D:1      | Reached skill level 1 in Stealth
   107 | D:1      | Reached XP level 2. HP: 19/19 MP: 2/2
   326 | D:1      | Reached XP level 3. HP: 20/23 MP: 3/3
   632 | D:1      | Reached ** piety under Trog
   800 | D:2      | Found a shattered altar of Ashenzari.
  1026 | D:2      | Reached XP level 4. HP: 27/28 MP: 4/4
  1867 | D:3      | Found a glowing drain.
  1895 | D:3      | Reached XP level 5. HP: 33/33 MP: 5/5
  1913 | Sewer    | Entered a sewer
  2065 | Sewer    | Noticed a big kobold
  2070 | Sewer    | Killed a big kobold
  2070 | Sewer    | Reached skill level 5 in Short Blades
  2074 | Sewer    | Reached *** piety under Trog
  2191 | Sewer    | Noticed a big kobold
  2191 | Sewer    | Noticed a big kobold
  2215 | Sewer    | Killed a big kobold
  2215 | Sewer    | Reached XP level 6. HP: 29/39 MP: 6/6
  2461 | Sewer    | Reached XP level 7. HP: 44/44 MP: 7/7
  2802 | D:4      | Reached skill level 5 in Fighting
  2925 | D:4      | Noticed Grinder
  3069 | D:4      | Found a sand-covered staircase.
  3093 | Ossuary  | Entered an ossuary
  3548 | Ossuary  | Reached skill level 5 in Dodging
  3712 | Ossuary  | Reached **** piety under Trog
  3831 | Ossuary  | HP: 1/44 [centaur zombie (5)]
  4439 | D:4      | Reached XP level 8. HP: 42/51 MP: 8/8
  4688 | D:4      | Noticed Eustachio
  4825 | D:4      | Killed Eustachio
  4830 | D:4      | Paralysed by Grinder for 4 turns
  4978 | D:4      | Paralysed by Grinder for 7 turns
  4985 | D:4      | HP: 1/52 [Grinder (4)]
  4994 | D:4      | Paralysed by Grinder for 3 turns
  5290 | D:4      | Paralysed by Grinder for 4 turns
  5310 | D:4      | Killed Grinder
  5558 | D:5      | Entered Level 5 of the Dungeon
  5581 | D:5      | Reached skill level 5 in Stealth
  5581 | D:5      | Reached XP level 9. HP: 57/57 MP: 9/9
  5650 | D:5      | Found a staircase to the Ecumenical Temple.
  5746 | Temple   | Entered the Ecumenical Temple
  6155 | D:5      | Found a runed translucent gate.
  6156 | D:5      | Found a runed translucent gate.
  6156 | D:5      | Identified the +5 mace "Foerataeps" {antimagic, +Inv}
  6157 | D:5      | Found a runed translucent gate.
  6158 | D:5      | Found a roughly hewn altar of Beogh.
  6158 | D:5      | Noticed Ortigal's ghost (novice DsAK)
  6158 | D:5      | Identified the +4 chain mail of Duty {rElec}
  6402 | D:5      | Found a sacrificial altar of Ru.
  6449 | D:5      | Found Nyqer's Distillery.
  6662 | D:5      | Noticed Blork the orc
  6674 | D:5      | Killed Blork the orc
  7655 | D:7      | Found a white marble altar of Elyvilon.
  7683 | D:7      | HP: 2/59 [orc/boomerang (3)]
  7683 | D:7      | Killed from afar by an orc priest

Levels and vault maps discovered:
D:1:      wander_arrival_chamber, layout_loops_ring, kennysheep_minor_cross,
          kennysheep_another_room, chequers_serial_rivers_room_b,
          minmay_small_reverse_x
D:2:      layout_rooms, ashenzari_altar_1, minmay_worlds_worst_comb
D:3:      layout_rooms, first_ration, gup_sewer_entry_glass
D:4:      layout_cave_pools, nicolae_ossuary_entry_false_entrances,
          uniq_eustachio, uniq_grinder
D:5:      layout_loops_cross, kennysheep_little_box,
          minmay_temple_entry_junction_2, biasface_ghost_orc_armoury,
          serial_shops, shop, uniq_blork_the_orc
D:6:      layout_rooms, minmay_fractal_squares_gapless_5
D:7:      layout_loops_corners, elyvilon_altar_4, uniq_crazy_yiuf_cottage
Temple:   dpeg_five_rooms_temple

Skill      XL: |  1  2  3  4  5  6  7  8  9 |
---------------+----------------------------+-----
Stealth        | 2 3 4 5 7 |  7.1
Dodging        | 3 4 5 7 8 |  8.3
Fighting       | 4 5 7 8 |  8.0
Short Blades   | 5 6 8 |  8.2
Armour         | |  1.5

Action                   |  1- 3 |  4- 6 |  7- 9 || total
-------------------------+-------+-------+-------++-------
Melee: Short sword       |    48 |       |       ||    48
       Dagger            |    20 |   160 |   362 ||   542
       Rapier            |       |       |   139 ||   139
Throw: Dart              |       |       |     1 ||     1
Invok: Berserk           |     1 |     5 |    19 ||    25
  Use: Scroll            |       |       |    11 ||    11
 Stab: Sleeping          |     9 |     5 |     8 ||    22
       Distracted        |     1 |       |     1 ||     2
  Eat: Chunk             |     9 |     8 |    22 ||    39
       Ration            |       |       |     6 ||     6
Armor: Animal skin       |     4 |    21 |    38 ||    63
Dodge: Dodged            |    35 |   154 |   352 ||   541
